[Event "Marshall CC U2400 February 2024"]
[Site "New York"]
[Date "2024.02.17"]
[Round "1.1"]
[White "Sarkar, Justin"]
[Black "Ulloa Centeno, Leandro Nicolas"]
[Result "1-0"]
[ECO "E97"]
[WhiteElo "2272"]
[BlackElo "1647"]
[Annotator "TA"]
[PlyCount "64"]
[EventDate "2024.02.16"]
[EventType "swiss"]
[EventCountry "USA"]
[SourceTitle "playchess.com"]
[Source "ChessBase"]
[SourceQuality "1"]
[TimeControl "5400+30"]

1. d4 Nf6 2. c4 g6 3. Nc3 Bg7 4. e4 d6 5. Nf3 O-O 6. Be2 e5 7. O-O Nc6 8. d5 Ne7 9. Kh1 Ne8 10. Rg1 f5 11. Ng5 h6 12. Ne6 {[%emt 0:01:36] The position is equal.} Bxe6 13. dxe6 Nf6 (13... c6 $11 {keeps the balance.}) 14. exf5 $16 {[%emt 0:11:22] White is more active.} Nxf5 {[%emt 0:13:59] [#]} 15. Bd3 ({Better is} 15. g4 $1 $16 Nd4 16. g5 hxg5 17. Rxg5) 15... Qe8 {[%emt 0:07:28] [#]} (15... Ne7 $11) 16. Nd5 (16. g4 $1 $16 Nh4 17. f3) 16... Nxd5 $11 17. cxd5 c6 18. Be4 Rd8 19. Be3 Ne7 $1 20. a4 (20. Qb3 $14) 20... Rf6 21. Bxa7 Nxd5 (21... cxd5 {simplifies} 22. Bxd5 Nxd5 23. Qxd5 Qxe6 24. Rgd1 Rd7) 22. Bxd5 cxd5 23. Bb6 $36 {[%emt 0:20:46][%mdl 2048] White has the initiative.} Rc8 24. Qxd5 {[%emt 0:00:08] Hoping for e7+.} Rc6 $2 {[%emt 0:00:09] Black cannot hold the game after this.} (24... Qc6 $1 $14 25. Qxc6 Rxc6) 25. e7+ $18 Kh7 26. Bd8 {[%emt 0:00:16] b4 would now be deadly.} Rf7 $2 (26... Rf5 {might work better.} 27. Rac1 e4 28. Qxe4 d5) 27. b4 {[%emt 0:01:41][%cal Bb2b4,Bb4b5][%mdl 32] aiming for b5.} Bf6 28. b5 Rc5 29. Qxb7 Bxe7 30. Bxe7 Rxe7 31. Qb6 Qd7 32. Rgd1 Qd8 {[%emt 0:03:45] Weighted Error Value: White=0.16 (very precise) /Black=0.43.  Loses game:     	---       	Black=1      Mistake:       	White=3     	Black=3      Inaccurate:     	White=1     	Black=2      OK:         	White=8     	Black=6      Best:        	White=3     	Black=1      Strong:       	---       	Black=1} 1-0

[Event "Marshall CC U2400 February 2024"]
[Site "New York"]
[Date "2024.02.17"]
[Round "1.2"]
[White "Adelson, Serge"]
[Black "Jiang, Jason"]
[Result "0-1"]
[ECO "E14"]
[WhiteElo "1699"]
[BlackElo "1864"]
[Annotator "NA RC"]
[PlyCount "80"]
[EventDate "2024.02.16"]
[EventType "swiss"]
[EventCountry "USA"]
[SourceTitle "playchess.com"]
[Source "ChessBase"]
[SourceQuality "1"]
[TimeControl "5400+30"]

1. d4 Nf6 2. c4 e6 3. Nf3 b6 4. e3 Bb7 5. Be2 Bb4+ 6. Bd2 Be7 7. Nc3 O-O 8. O-O d5 9. Ne5 c5 10. cxd5 exd5 11. Rc1 Nc6 12. Nxc6 Bxc6 13. Be1 Qd7 14. a4 a6 15. b3 Rfe8 16. Qc2 Bb7 17. Bd3 g6 18. Qa2 Nh5 19. Ne2 Qc6 20. Ng3 Nxg3 21. hxg3 c4 22. Be2 cxb3 23. Qb2 Qxa4 24. Ra1 Qc6 25. Qxb3 Rec8 26. Bg4 f5 27. Bf3 a5 28. Bd2 a4 29. Qa2 b5 30. Rfc1 Qd7 31. Be2 b4 32. Qb2 b3 33. Rc3 Rxc3 34. Qxc3 Qc6 35. Qb2 Ba6 36. Rc1 Qb7 37. Ba5 a3 38. Qd2 Bxe2 39. Rc7 Qxc7 40. Bxc7 a2 0-1

[Event "Marshall CC U2400 February 2024"]
[Site "New York"]
[Date "2024.02.17"]
[Round "1.3"]
[White "Nkululeko, Nkosi"]
[Black "Schaefer, Sasha Milo"]
[Result "1/2-1/2"]
[ECO "E01"]
[WhiteElo "1867"]
[BlackElo "1633"]
[Annotator "NA RC"]
[PlyCount "107"]
[EventDate "2024.02.16"]
[EventType "swiss"]
[EventCountry "USA"]
[SourceTitle "playchess.com"]
[Source "ChessBase"]
[SourceQuality "1"]
[TimeControl "5400+30"]

1. d4 d5 2. c4 e6 3. Nf3 Nf6 4. g3 dxc4 5. Qa4+ Bd7 6. Qxc4 b5 7. Qc2 c5 8. Bg2 Na6 9. O-O Rc8 10. Qd1 Bc6 11. a4 b4 12. b3 Bxf3 13. Bxf3 Qd7 14. Qd3 Nc7 15. e4 Qxd4 16. Qxd4 cxd4 17. Bf4 Nd7 18. e5 g5 19. Bxg5 Bg7 20. Bb7 Rb8 21. Bc6 Bxe5 22. Nd2 f6 23. Nc4 Ke7 24. Bxd7 Kxd7 25. Nxe5+ fxe5 26. Bf6 Rhf8 27. Bxe5 Rf3 28. Rab1 d3 29. Kg2 Rbf8 30. Bf4 R3xf4 31. gxf4 Rxf4 32. Rfd1 Rd4 33. Rbc1 Nd5 34. Rc4 Rxc4 35. bxc4 Nc3 36. Rxd3+ Kc6 37. Rd8 Nxa4 38. Re8 Kd6 39. Ra8 b3 40. Rxa7 b2 41. Rb7 Kc5 42. Rb5+ Kxc4 43. Rb8 Kc3 44. Rb5 Kc2 45. Kf3 b1=Q 46. Rxb1 Kxb1 47. Ke4 Nc5+ 48. Ke5 Kc2 49. Kd6 Kd3 50. Kxc5 Ke4 51. Kd6 e5 52. Ke6 Kf4 53. f3 h5 54. h4 1/2-1/2

[Event "Marshall CC U2400 February 2024"]
[Site "New York"]
[Date "2024.02.17"]
[Round "1.4"]
[White "Ulloa Grez, Luis"]
[Black "Gutnik, Aleksandr"]
[Result "0-1"]
[ECO "D13"]
[WhiteElo "2048"]
[BlackElo "1956"]
[Annotator "RC"]
[PlyCount "108"]
[EventDate "2024.02.16"]
[EventType "swiss"]
[EventCountry "USA"]
[SourceTitle "playchess.com"]
[Source "ChessBase"]
[SourceQuality "1"]
[TimeControl "5400+30"]

1. c4 c6 2. d4 d5 3. cxd5 cxd5 4. Nf3 Nc6 5. Nc3 e6 6. e3 Nf6 7. Be2 Bd6 8. O-O O-O 9. Re1 a6 10. a3 b5 11. Bd2 Bb7 12. Bd3 Na5 13. b4 Nc4 14. Bxc4 bxc4 15. Na4 Ne4 16. Nc5 Bc6 17. Qc2 Bxc5 18. dxc5 Qf6 19. Rac1 e5 20. Bc3 Nxc3 21. Qxc3 Rfe8 22. e4 dxe4 23. Nd2 Qg6 24. Nxc4 e3 25. Nxe3 f5 26. Rcd1 Re6 27. Rd6 Rae8 28. Red1 f4 29. Rxe6 Rxe6 30. Nd5 Bxd5 31. f3 Bc6 32. Qb3 Qf7 33. Qd3 Bb5 34. Qd8+ Re8 35. Qb6 Qb3 36. Qd6 Qe6 37. Qc7 h6 38. h3 Kh7 39. Rd6 Qc4 40. c6 Re6 41. a4 Rxd6 42. Qxd6 Bxc6 43. Qxe5 Bxa4 44. Qf5+ Kg8 45. Qa5 Bb5 46. Kh2 Qd4 47. Qa2+ Kh8 48. Qa5 Qd2 49. Qc7 Bd3 50. Qd6 Kh7 51. Qd4 Qe3 52. Qd6 Bf1 53. Qd5 Qd3 54. Qe5 Qc2 0-1

[Event "Marshall CC U2400 February 2024"]
[Site "New York"]
[Date "2024.02.17"]
[Round "1.5"]
[White "Lu, Dazhen"]
[Black "Rosenthal, Max Manuel"]
[Result "1-0"]
[ECO "A09"]
[WhiteElo "1595"]
[BlackElo "1949"]
[Annotator "RC"]
[PlyCount "111"]
[EventDate "2024.02.16"]
[EventType "swiss"]
[EventCountry "USA"]
[SourceTitle "playchess.com"]
[Source "ChessBase"]
[SourceQuality "1"]
[TimeControl "5400+30"]

1. Nf3 d5 2. c4 d4 3. b4 f6 4. e3 dxe3 5. fxe3 e5 6. c5 Be6 7. d4 e4 8. Nfd2 f5 9. Bc4 Bxc4 10. Nxc4 Qh4+ 11. g3 Qg5 12. Nc3 Nf6 13. Bd2 Be7 14. Qb3 Nbd7 15. Nb5 Kd8 16. O-O-O a6 17. Nc3 Ng4 18. Rdf1 b5 19. cxb6 cxb6 20. Nd5 b5 21. Na5 Bd6 22. Nb7+ Kc8 23. Nxd6+ Kb8 24. Kb1 Rf8 25. Qc2 Ra7 26. Rxf5 Qd8 27. Rxf8 Nxf8 28. Rc1 Rd7 29. Qc8+ Qxc8 30. Rxc8+ Ka7 31. Rxf8 Rxd6 32. Rf7+ Kb8 33. Nc3 Nxh2 34. Nxe4 Rg6 35. Kc2 h5 36. Kd3 Ng4 37. Rf5 Rh6 38. Nc5 g6 39. Rf7 g5 40. Rg7 h4 41. gxh4 Rxh4 42. Rxg5 Nf2+ 43. Kc2 Rh2 44. Rg7 Ka8 45. Rg6 Ka7 46. Rxa6+ Kb8 47. Rg6 Ka8 48. d5 Ka7 49. d6 Nd1 50. Kxd1 Rh1+ 51. Kc2 Ra1 52. d7 Rxa2+ 53. Kd3 Ra1 54. Ra6+ Rxa6 55. Nxa6 Kxa6 56. d8=Q 1-0

[Event "Marshall CC U2400 February 2024"]
[Site "New York"]
[Date "2024.02.17"]
[Round "2.1"]
[White "Jiang, Jason"]
[Black "Knowles, Chase"]
[Result "1-0"]
[ECO "D10"]
[WhiteElo "1864"]
[BlackElo "1941"]
[Annotator "NA RC"]
[PlyCount "119"]
[EventDate "2024.02.16"]
[EventType "swiss"]
[EventCountry "USA"]
[SourceTitle "playchess.com"]
[Source "ChessBase"]
[SourceQuality "1"]
[TimeControl "5400+30"]

1. c4 c6 2. Nc3 d5 3. cxd5 cxd5 4. d4 Nf6 5. Bf4 Nc6 6. e3 a6 7. Bd3 Bg4 8. Nge2 e6 9. Rc1 Be7 10. O-O O-O 11. Na4 Rc8 12. f3 Bh5 13. Nc5 Bxc5 14. Rxc5 Bg6 15. Bxg6 hxg6 16. Qd2 Nh5 17. Rfc1 Nxf4 18. Nxf4 Ne7 19. Nd3 Qb6 20. R1c3 Rc6 21. Rb3 Qc7 22. Qb4 b5 23. Rbc3 Qb7 24. Qa5 Rfc8 25. Nb4 Rb6 26. a3 Nc6 27. Nxc6 Rbxc6 28. b4 f6 29. Rxc6 Rxc6 30. Qd8+ Kf7 31. Rc5 g5 32. Kf2 Rxc5 33. dxc5 Qc6 34. Qb6 Qc8 35. Qd6 Qb7 36. c6 Qc8 37. c7 Ke8 38. Ke2 e5 39. Qxd5 Qxc7 40. Qg8+ Kd7 41. Qxg7+ Kc8 42. Qxc7+ Kxc7 43. e4 Kd6 44. g3 Ke6 45. h4 gxh4 46. gxh4 Kf7 47. f4 Kg6 48. fxe5 fxe5 49. Kf3 Kh5 50. Kg3 Kh6 51. Kg4 Kg6 52. h5+ Kh6 53. Kh4 Kh7 54. Kg5 Kg7 55. h6+ Kf7 56. Kf5 Kg8 57. Kg6 Kh8 58. h7 a5 59. bxa5 b4 60. a6 1-0

[Event "Marshall CC U2400 February 2024"]
[Site "New York"]
[Date "2024.02.17"]
[Round "2.2"]
[White "Gutnik, Aleksandr"]
[Black "Kashyap, Mahati B"]
[Result "1-0"]
[ECO "B51"]
[WhiteElo "1956"]
[BlackElo "1341"]
[Annotator "NA RC"]
[PlyCount "79"]
[EventDate "2024.02.16"]
[EventType "swiss"]
[EventCountry "USA"]
[SourceTitle "playchess.com"]
[Source "ChessBase"]
[SourceQuality "1"]
[TimeControl "5400+30"]

1. e4 c5 2. Nf3 d6 3. Bb5+ Nd7 4. O-O Ngf6 5. Re1 a6 6. Bf1 g6 7. c3 Bg7 8. d4 cxd4 9. cxd4 b5 10. a3 Bb7 11. Nc3 Nb6 12. h3 O-O 13. d5 Rc8 14. Nd4 Nfd7 15. Be3 Ne5 16. Nce2 Nec4 17. Bc1 Nd7 18. b3 Ncb6 19. Be3 Nc5 20. f3 a5 21. Rc1 Ba6 22. Nc6 Qd7 23. Nxa5 Bb2 24. Rb1 Bg7 25. Nd4 Be5 26. Qd2 Rfe8 27. Nac6 Bg7 28. Nb4 Bxd4 29. Bxd4 Bb7 30. Qe2 Na6 31. Bxb6 Nxb4 32. axb4 Rb8 33. Bd4 Ba6 34. Rec1 Rec8 35. Qe3 Rxc1 36. Rxc1 f6 37. h4 Rc8 38. Rxc8+ Qxc8 39. Qc3 Qxc3 40. Bxc3 1-0

[Event "Marshall CC U2400 February 2024"]
[Site "New York"]
[Date "2024.02.17"]
[Round "2.3"]
[White "Rosenthal, Max Manuel"]
[Black "De Villa, Jose"]
[Result "1-0"]
[ECO "C01"]
[WhiteElo "1949"]
[BlackElo "1641"]
[Annotator "NA RC"]
[PlyCount "92"]
[EventDate "2024.02.16"]
[EventType "swiss"]
[EventCountry "USA"]
[SourceTitle "playchess.com"]
[Source "ChessBase"]
[SourceQuality "1"]
[TimeControl "5400+30"]

1. e4 e6 2. d4 d6 3. Nc3 c6 4. a4 Nd7 5. Be3 Qc7 6. Be2 Ngf6 7. h3 Be7 8. Qd2 O-O 9. g4 d5 10. e5 Ne4 11. Nxe4 dxe4 12. c3 Nb6 13. Qc2 c5 14. Qxe4 cxd4 15. Bxd4 Bd7 16. Bd3 g6 17. Bb5 Nd5 18. Bxd7 Qxd7 19. Ne2 b5 20. axb5 Qxb5 21. O-O a6 22. b4 Rac8 23. Rfd1 Qc4 24. Qd3 Qxd3 25. Rxd3 Rc6 26. Rd2 Nc7 27. Rda2 Rd8 28. Kg2 Kg7 29. f4 Kf8 30. Kf2 Ke8 31. Ke3 Kd7 32. Kd3 Kc8 33. Ra4 Kb7 34. c4 Kc8 35. Nc3 Bh4 36. Ne4 Be7 37. c5 Nd5 38. Nd6+ Bxd6 39. exd6 Nxf4+ 40. Ke4 Nd5 41. Rxa6 Rxa6 42. Rxa6 Nxb4 43. Ra8+ Kd7 44. Ra7+ Ke8 45. Bf6 Nc6 46. Rc7 Rb8 1-0

[Event "Marshall CC U2400 February 2024"]
[Site "New York"]
[Date "2024.02.17"]
[Round "2.4"]
[White "Schaefer, Sasha Milo"]
[Black "Ng, Timothy"]
[Result "1/2-1/2"]
[ECO "B31"]
[WhiteElo "1633"]
[BlackElo "1728"]
[Annotator "NA RC"]
[PlyCount "125"]
[EventDate "2024.02.16"]
[EventType "swiss"]
[EventCountry "USA"]
[SourceTitle "playchess.com"]
[Source "ChessBase"]
[SourceQuality "1"]
[TimeControl "5400+30"]

1. e4 c5 2. Nf3 Nc6 3. Bb5 g6 4. O-O Bg7 5. c3 e5 6. Bxc6 dxc6 7. d3 Ne7 8. Be3 b6 9. Qe2 O-O 10. Rd1 Ba6 11. Na3 Qc7 12. Nc4 Rad8 13. a4 f5 14. exf5 gxf5 15. Bg5 Bxc4 16. dxc4 e4 17. Bxe7 Rxd1+ 18. Rxd1 Qxe7 19. Nd2 Rd8 20. Nf1 Rxd1 21. Qxd1 h6 22. Ne3 Qf7 23. Qd8+ Kh7 24. Qc8 f4 25. Qf5+ Qxf5 26. Nxf5 Bf8 27. g3 Kg6 28. Nh4+ Kg5 29. Ng2 f3 30. Ne3 h5 31. h4+ Kg6 32. g4 hxg4 33. Nxg4 Kf5 34. Ne3+ Kf4 35. Kh2 a6 36. Kh3 b5 37. axb5 axb5 38. h5 Kg5 39. Ng4 Bg7 40. h6 Bxh6 41. Nxh6 Kxh6 42. cxb5 cxb5 43. Kg4 e3 44. Kxf3 exf2 45. Kxf2 Kg5 46. Ke3 Kf5 47. Kd3 Ke5 48. b4 cxb4 49. cxb4 Kd5 50. Kd2 Kd4 51. Kc2 Kc4 52. Kc1 Kc3 53. Kb1 Kb3 54. Kc1 Ka4 55. Kc2 Kxb4 56. Kb2 Kc4 57. Kc2 b4 58. Kb2 b3 59. Kb1 Kc3 60. Kc1 Kb4 61. Kb2 Kc4 62. Kb1 Kd3 63. Kb2 1/2-1/2

[Event "Marshall CC U2400 February 2024"]
[Site "New York"]
[Date "2024.02.17"]
[Round "2.4"]
[White "Schaefer, Sasha Milo"]
[Black "Ng, Timothy"]
[Result "*"]
[ECO "B31"]
[WhiteElo "1633"]
[BlackElo "1728"]
[Annotator "NA RC"]
[PlyCount "37"]
[EventDate "2024.02.16"]
[EventType "swiss"]
[EventCountry "USA"]
[SourceTitle "playchess.com"]
[Source "ChessBase"]
[SourceQuality "1"]
[TimeControl "5400+30"]

1. e4 c5 2. Nf3 Nc6 3. Bb5 g6 4. O-O Bg7 5. c3 e5 6. Bxc6 dxc6 7. d3 Ne7 8. Be3 b6 9. Qe2 O-O 10. Rd1 Ba6 11. Na3 Qc7 12. Nc4 Rad8 13. a4 f5 14. exf5 gxf5 15. Bg5 Bxc4 16. dxc4 e4 17. Bxe7 Rd5 18. Rd3 Rxd3 19. Rd1 *

[Event "Marshall CC U2400 February 2024"]
[Site "New York"]
[Date "2024.02.18"]
[Round "3.1"]
[White "Gutnik, Aleksandr"]
[Black "Jiang, Jason"]
[Result "1/2-1/2"]
[ECO "B52"]
[WhiteElo "1956"]
[BlackElo "1864"]
[Annotator "NA RC"]
[PlyCount "57"]
[EventDate "2024.02.16"]
[EventType "swiss"]
[EventCountry "USA"]
[SourceTitle "playchess.com"]
[Source "ChessBase"]
[SourceQuality "1"]
[TimeControl "5400+30"]

1. e4 c5 2. Nf3 d6 3. Bb5+ Bd7 4. Bxd7+ Qxd7 5. c4 Nf6 6. Nc3 g6 7. d4 cxd4 8. Nxd4 Bg7 9. f3 O-O 10. O-O Rc8 11. b3 d5 12. exd5 Nxd5 13. Nxd5 e6 14. Bh6 exd5 15. Bxg7 Kxg7 16. cxd5 Qxd5 17. Ne2 Qe5 18. Qd4 Nc6 19. Qxe5+ Nxe5 20. Rac1 Rxc1 21. Rxc1 Rd8 22. Rc2 Rd7 23. h3 f5 24. Kh2 Kf6 25. f4 Nd3 26. Rd2 Nc5 27. Rxd7 Nxd7 28. Nd4 Nc5 29. Kg3 1/2-1/2

[Event "Marshall CC U2400 February 2024"]
[Site "New York"]
[Date "2024.02.18"]
[Round "3.2"]
[White "Colwell, Andrew"]
[Black "Slesinski, Matthew"]
[Result "0-1"]
[ECO "E85"]
[WhiteElo "1672"]
[BlackElo "1676"]
[Annotator "NA RC"]
[PlyCount "92"]
[EventDate "2024.02.16"]
[EventType "swiss"]
[EventCountry "USA"]
[SourceTitle "playchess.com"]
[Source "ChessBase"]
[SourceQuality "1"]
[TimeControl "5400+30"]

1. d4 Nf6 2. c4 g6 3. Nc3 Bg7 4. e4 d6 5. f3 O-O 6. Be3 e5 7. Nge2 Nc6 8. d5 Ne7 9. Qd2 Nd7 10. g4 a5 11. Ng3 Nc5 12. h4 f5 13. gxf5 gxf5 14. Nh5 f4 15. Bxc5 dxc5 16. Qg2 Rf7 17. O-O-O Ng6 18. Nxg7 Rxg7 19. Qf2 Qe7 20. Be2 h5 21. Rdg1 Bd7 22. Rg5 Kf7 23. Rxh5 Rh8 24. Rxh8 Nxh8 25. Rg1 Rxg1+ 26. Qxg1 b6 27. Qh2 Ng6 28. h5 Nh4 29. d6 cxd6 30. Nd5 Qg5 31. Nxb6 Be6 32. Qh1 Qxh5 33. Qe1 Qg5 34. Qxa5 Qg1+ 35. Kc2 Nxf3 36. Bxf3 Qf2+ 37. Qd2 Qxf3 38. Qd3 Qg2+ 39. Qd2 f3 40. Kc3 f2 41. Qxd6 Qf3+ 42. Kc2 Qxe4+ 43. Kb3 f1=Q 44. Qc7+ Kg6 45. Qxc5 Qfd3+ 46. Kb4 Qdd4 0-1

[Event "Marshall CC U2400 February 2024"]
[Site "New York"]
[Date "2024.02.18"]
[Round "3.3"]
[White "Knowles, Chase"]
[Black "Qiao, Richardson Jingsi"]
[Result "1-0"]
[ECO "A31"]
[WhiteElo "1941"]
[BlackElo "1564"]
[Annotator "NA RC"]
[PlyCount "79"]
[EventDate "2024.02.16"]
[EventType "swiss"]
[EventCountry "USA"]
[SourceTitle "playchess.com"]
[Source "ChessBase"]
[SourceQuality "1"]
[TimeControl "5400+30"]

1. Nf3 Nf6 2. c4 c5 3. d4 cxd4 4. Nxd4 Nc6 5. Nc3 d6 6. e4 e5 7. Nc2 h6 8. Be2 g5 9. Be3 Be6 10. f3 a6 11. Nd5 Bxd5 12. cxd5 Ne7 13. Bf2 Ng6 14. O-O Bg7 15. Re1 O-O 16. Ne3 Qd7 17. Nc4 Rab8 18. Rc1 Nf4 19. Bf1 b5 20. Na5 Nh7 21. Re3 Rbc8 22. Rec3 Rxc3 23. Rxc3 Rc8 24. Nc6 Kh8 25. b4 Bf8 26. a4 f5 27. axb5 fxe4 28. bxa6 Nf6 29. fxe4 Nxe4 30. Rc2 Nxf2 31. Rxf2 Bg7 32. b5 e4 33. g3 e3 34. Rc2 Be5 35. gxf4 gxf4 36. Qf3 Rg8+ 37. Rg2 Rxg2+ 38. Qxg2 Qf5 39. a7 Qf8 40. Be2 1-0

[Event "Marshall CC U2400 February 2024"]
[Site "New York"]
[Date "2024.02.18"]
[Round "3.4"]
[White "Kashyap, Mahati B"]
[Black "Nkululeko, Nkosi"]
[Result "0-1"]
[ECO "B55"]
[WhiteElo "1341"]
[BlackElo "1867"]
[Annotator "NA RC"]
[PlyCount "84"]
[EventDate "2024.02.16"]
[EventType "swiss"]
[EventCountry "USA"]
[SourceTitle "playchess.com"]
[Source "ChessBase"]
[SourceQuality "1"]
[TimeControl "5400+30"]

1. e4 c5 2. Nf3 d6 3. d4 cxd4 4. Nxd4 Nf6 5. f3 e5 6. Nb3 Be6 7. c4 Nbd7 8. Be3 Qc7 9. N3d2 Rc8 10. b3 Be7 11. Nc3 a6 12. Rc1 Qa5 13. Ndb1 O-O 14. Qd2 Nh5 15. Be2 Nf4 16. O-O Kh8 17. Nd5 Qxd2 18. Nxd2 Nxe2+ 19. Kf2 Nxc1 20. Nxe7 Nd3+ 21. Ke2 Rce8 22. Nd5 N3c5 23. Nc7 Rc8 24. Nxe6 fxe6 25. Rd1 Rfd8 26. Bg5 Nf6 27. Nb1 b5 28. cxb5 axb5 29. Na3 Rb8 30. Nc2 b4 31. Ne3 h6 32. Bh4 g5 33. Bf2 Ra8 34. Rd2 d5 35. exd5 exd5 36. Nf5 d4 37. Nxh6 Rd7 38. Bg3 Kh7 39. Ng4 Nxg4 40. fxg4 Ne4 41. Rb2 d3+ 42. Kd1 d2 0-1

[Event "Marshall CC U2400 February 2024"]
[Site "New York"]
[Date "2024.02.18"]
[Round "3.5"]
[White "Creswell, Charlie"]
[Black "Schaefer, Sasha Milo"]
[Result "1/2-1/2"]
[ECO "D36"]
[WhiteElo "1769"]
[BlackElo "1633"]
[Annotator "NA RC"]
[PlyCount "79"]
[EventDate "2024.02.16"]
[EventType "swiss"]
[EventCountry "USA"]
[SourceTitle "playchess.com"]
[Source "ChessBase"]
[SourceQuality "1"]
[TimeControl "5400+30"]

1. d4 d5 2. c4 e6 3. Nc3 Nf6 4. cxd5 exd5 5. Bg5 c6 6. e3 h6 7. Bh4 Be7 8. Bd3 O-O 9. Qc2 Re8 10. Nge2 Nbd7 11. O-O a5 12. f3 b5 13. Bf2 Ba6 14. a3 Qb6 15. Qd2 c5 16. e4 dxe4 17. Nxe4 Nxe4 18. Bxe4 Rad8 19. Rfd1 Nf6 20. Bc2 cxd4 21. Nxd4 Bc5 22. b4 Bxd4 23. Bxd4 Qc6 24. Qf2 axb4 25. axb4 Bb7 26. Rac1 Qe6 27. Bd3 Rd5 28. Re1 Qd6 29. Rxe8+ Nxe8 30. Bc5 Qf4 31. Re1 Rxd3 32. Rxe8+ Kh7 33. Qc2 Qd2 34. Qxd2 Rxd2 35. Re7 Bd5 36. Rd7 Rd1+ 37. Kf2 Bb3 38. Bd4 Rd2+ 39. Kg3 Bc4 40. f4 1/2-1/2

[Event "Marshall CC U2400 February 2024"]
[Site "New York"]
[Date "2024.02.18"]
[Round "4.1"]
[White "Jiang, Jason"]
[Black "Slesinski, Matthew"]
[Result "1-0"]
[ECO "E68"]
[WhiteElo "1864"]
[BlackElo "1676"]
[Annotator "NA RC"]
[PlyCount "49"]
[EventDate "2024.02.16"]
[EventType "swiss"]
[EventCountry "USA"]
[SourceTitle "playchess.com"]
[Source "ChessBase"]
[SourceQuality "1"]
[TimeControl "5400+30"]

1. c4 Nf6 2. Nc3 g6 3. g3 Bg7 4. Bg2 O-O 5. Nf3 d6 6. d4 Nbd7 7. O-O e5 8. b3 c6 9. e4 Qe7 10. Ba3 Rd8 11. dxe5 Nxe5 12. Nxe5 Qxe5 13. Bb2 Qa5 14. Qc2 Be6 15. Rad1 d5 16. exd5 cxd5 17. cxd5 Nxd5 18. Nxd5 Bxd5 19. Bxg7 Kxg7 20. Qb2+ Kg8 21. Qe5 Qxa2 22. Bxd5 Rd7 23. Bc4 Rd2 24. Qf4 Rxd1 25. Qxf7+ 1-0

[Event "Marshall CC U2400 February 2024"]
[Site "New York"]
[Date "2024.02.18"]
[Round "4.2"]
[White "Nkululeko, Nkosi"]
[Black "Gutnik, Aleksandr"]
[Result "1/2-1/2"]
[ECO "C10"]
[WhiteElo "1867"]
[BlackElo "1956"]
[Annotator "RC"]
[PlyCount "137"]
[EventDate "2024.02.16"]
[EventType "swiss"]
[EventCountry "USA"]
[SourceTitle "playchess.com"]
[Source "ChessBase"]
[SourceQuality "1"]
[TimeControl "5400+30"]

1. e4 e6 2. d4 d5 3. Nc3 dxe4 4. Nxe4 Nf6 5. Ng3 c5 6. Nf3 Nc6 7. Be3 Qb6 8. dxc5 Qxb2 9. Bc4 Qc3+ 10. Nd2 Ng4 11. Qxg4 Qxa1+ 12. Ke2 Qe5 13. f4 Qc7 14. Nh5 f5 15. Qg5 Qe7 16. h4 Bd7 17. Rb1 O-O-O 18. Qxe7 Bxe7 19. Nxg7 Rdg8 20. Nxe6 Rxg2+ 21. Kf3 Rg4 22. h5 Rh4 23. Bd5 Rh3+ 24. Ke2 Rxh5 25. Nf3 Bxe6 26. Bxe6+ Kc7 27. Rg1 Bf6 28. Bg8 Rh6 29. Bd5 Rg6 30. Ng5 Ne7 31. Bf7 Bxg5 32. Bxg6 hxg6 33. Rxg5 Rh2+ 34. Kd3 Rh3 35. Ke2 Nd5 36. Bd2 Nc3+ 37. Bxc3 Rxc3 38. Kd2 Rf3 39. Rxg6 Rxf4 40. Rf6 Rf3 41. a4 Ra3 42. c6 bxc6 43. Rf7+ Kb6 44. Rxf5 Rxa4 45. Kc3 Ra5 46. Rf8 Rc5+ 47. Kb3 Rb5+ 48. Ka2 Kc5 49. Rd8 Kc4 50. Rd6 Rb6 51. Rd3 c5 52. Rh3 a5 53. Rg3 a4 54. Rh3 Kb4 55. Kb2 Rg6 56. Rh4+ Kb5 57. Rf4 Rg3 58. Rh4 a3+ 59. Ka2 Rc3 60. Rh2 Kb4 61. Rh4+ c4 62. Rh2 Re3 63. Rg2 Kc3 64. Kxa3 Re1 65. Rg3+ Kxc2 66. Kb4 Re4 67. Rc3+ Kd2 68. Rxc4 Rxc4+ 69. Kxc4 1/2-1/2

[Event "Marshall CC U2400 February 2024"]
[Site "New York"]
[Date "2024.02.18"]
[Round "4.3"]
[White "Rosenthal, Max Manuel"]
[Black "Knowles, Chase"]
[Result "1-0"]
[ECO "C11"]
[WhiteElo "1949"]
[BlackElo "1941"]
[Annotator "RC"]
[PlyCount "127"]
[EventDate "2024.02.16"]
[EventType "swiss"]
[EventCountry "USA"]
[SourceTitle "playchess.com"]
[Source "ChessBase"]
[SourceQuality "1"]
[TimeControl "5400+30"]

1. e4 e6 2. d4 d5 3. Nc3 Nf6 4. e5 Nfd7 5. f4 c5 6. Nf3 Nc6 7. Be3 a6 8. Qd2 b5 9. a3 Qb6 10. dxc5 Bxc5 11. Bxc5 Nxc5 12. b4 Ne4 13. Nxe4 dxe4 14. Ng5 e3 15. Qd6 Ra7 16. Ne4 Rd7 17. Qc5 Qxc5 18. bxc5 Rd4 19. Bd3 Ke7 20. Ke2 f5 21. exf6+ gxf6 22. Kxe3 f5 23. Nd2 e5 24. fxe5 f4+ 25. Kf2 Nxe5 26. Rhe1 Kf6 27. Rxe5 Kxe5 28. Nf3+ Kd5 29. Nxd4 Kxd4 30. c6 Kd5 31. a4 b4 32. Rb1 a5 33. Bb5 Bf5 34. Rd1+ Ke5 35. Rd2 Rc8 36. Re2+ Kd4 37. Ke1 Be4 38. Rf2 Kc3 39. Rxf4 Bxc2 40. Rc4+ Kb2 41. c7 Bf5 42. Ba6 Re8+ 43. Kd2 Bc8 44. Rc2+ Ka3 45. Bc4 b3 46. Rc3 Kxa4 47. Bxb3+ Kb4 48. Bc2 a4 49. h3 Re7 50. g4 Rf7 51. Bf5 a3 52. Rc2 a2 53. Rxa2 Bxf5 54. gxf5 Rxc7 55. Rb2+ Ka4 56. Ke3 Rc3+ 57. Kf4 Rxh3 58. f6 Rh1 59. Rf2 Rb1 60. f7 Rb8 61. Kg5 Rf8 62. Kh6 Kb5 63. Kxh7 Kc6 64. Kg7 1-0

[Event "Marshall CC U2400 February 2024"]
[Site "New York"]
[Date "2024.02.18"]
[Round "4.4"]
[White "Ulloa Grez, Luis"]
[Black "Creswell, Charlie"]
[Result "1-0"]
[ECO "A23"]
[WhiteElo "2048"]
[BlackElo "1769"]
[Annotator "RC"]
[PlyCount "117"]
[EventDate "2024.02.16"]
[EventType "swiss"]
[EventCountry "USA"]
[SourceTitle "playchess.com"]
[Source "ChessBase"]
[SourceQuality "1"]
[TimeControl "5400+30"]

1. c4 e5 2. g3 c6 3. Nf3 e4 4. Nd4 Nf6 5. Nc3 Bb4 6. Qc2 Qe7 7. b3 O-O 8. Bb2 d5 9. e3 Na6 10. a3 Bxc3 11. Bxc3 Rd8 12. cxd5 cxd5 13. Bxa6 bxa6 14. Nc6 Qc7 15. Ba5 Qd6 16. Bxd8 Ng4 17. h3 Nh6 18. Bg5 Nf5 19. g4 Bd7 20. Nd4 Nxd4 21. exd4 h6 22. Be3 Bb5 23. a4 Bd3 24. Qc3 f5 25. f4 g5 26. Rc1 gxf4 27. Qc7 Qxc7 28. Rxc7 fxe3 29. dxe3 Rb8 30. Rc3 fxg4 31. hxg4 Rb6 32. Rh5 Rf6 33. Rxd5 Rf1+ 34. Kd2 Rf2+ 35. Kc1 Rf7 36. Rc6 Kg7 37. g5 h5 38. g6 Rf1+ 39. Kb2 h4 40. Rd7+ Kg8 41. g7 Rf7 42. Rxf7 Kxf7 43. Rh6 Kxg7 44. Rxh4 Kf6 45. Kc3 Kg5 46. Rh7 Kf6 47. Rxa7 Ke6 48. b4 Kd6 49. Rg7 Kd5 50. Rg5+ Kd6 51. b5 axb5 52. axb5 Kc7 53. Kb4 Kb7 54. Kc5 Bf1 55. Rg7+ Kc8 56. Kc6 Kb8 57. b6 Ba6 58. Rg8+ Bc8 59. Rh8 1-0